 Dungeon Crawl Stone Soup version 0.25-a0-663-gace7076f2c (webtiles) character file.

Game seed: 3684650652229808096, levelgen mode: deterministic

35 ipx the Vexing (level 3, -1/20 HPs)
             Began as a Gargoyle Arcane Marksman on Mar 25, 2020.
             Slain by a centaur (4 damage)
             ... on level 5 of the Dungeon.
             The game lasted 00:11:06 (927 turns).

ipx the Vexing (Gargoyle Arcane Marksman)            Turns: 927, Time: 00:11:06

Health: -1/20      AC:  9    Str: 13    XL:     3   Next: 33%
Magic:  4/4        EV: 10    Int: 13    God:
Gold:   183        SH:  3    Dex: 11    Spells: 3/4 levels left

rFire    . . .     SeeInvis .   a - +0 mace
rCold    . . .     Gourm    .   k - +0 buckler
rNeg     + . .     Faith    .   b - +0 ring mail
rPois    ∞         Spirit   .   (no helmet)
rElec    +         Reflect  .   (no cloak)
rCorr    .         Harm     .   s - +0 pair of gloves
MR       .....                  (no boots)
Stlth    +.........             (no amulet)
HPRegen  0.06/turn              p - ring of poison resistance
MPRegen  0.09/turn              l - ring of flight

@: no status effects
A: negative energy resistance 1, electricity resistance, unbreathing,
petrification resistance, rot immunity, AC +3
a: Evoke Flight


You were on level 5 of the Dungeon.
You were not hungry.

You visited 1 branch of the dungeon, and saw 5 of its levels.

You collected 183 gold pieces.

Inventory:

Hand Weapons
 a - a +0 mace (weapon)
 u - a +1 whip of freezing
Missiles
 c - 5 javelins
 d - 2 throwing nets
 i - 18 poisoned darts (quivered)
Armour
 b - a +0 ring mail (worn)
 e - a +0 robe
 g - a +0 kite shield
 k - a +0 buckler (worn)
 s - a +0 pair of gloves (worn)
Jewellery
 l - a ring of flight (right hand)
 p - a ring of poison resistance (left hand)
Scrolls
 j - a scroll of fog
 q - a scroll of enchant armour
 r - 3 scrolls of enchant weapon
 v - 2 scrolls of remove curse
Potions
 h - 2 potions of might {unknown}
 m - a potion of flight {unknown}
 n - 2 potions of mutation {unknown}
 o - 2 potions of haste
 t - a potion of stabbing {unknown}
 w - a potion of magic {unknown}
Comestibles
 f - 6 rations
 x - 2 chunks of flesh


   Skills:
 - Level 1.1 Fighting
 * Level 1.8 Maces & Flails
 - Level 2.0 Throwing
 - Level 1.5 Dodging
 + Level 1.2 Shields
 - Level 1.0 Spellcasting
 - Level 3.0 Hexes


You had 3 spell levels left.
You knew the following spells:

 Your Spells              Type           Power        Failure   Level  Hunger
c - Corona                Hex            #......      26%         1    ##.....

Your spell library contained the following spells:

 Spells                   Type           Power        Failure   Level  Hunger
 Slow                     Hex            #.......     36%         2    ###....
 Inner Flame              Hex/Fire       #.......     80%         3    ####...
 Portal Projectile        Hex/Tloc       #.....       80%         3    ####...
 Cause Fear               Hex            #.........   94%         4    #####..
 Leda's Liquefaction      Hex/Erth       #.........   99%         4    #####..


Dungeon Overview and Level Annotations

Branches:
Dungeon (5/15)
 Temple: D:4-7

Altars:
Ashenzari
Ru
Vehumet


Innate Abilities, Weirdness & Mutations

You are resistant to torment.
Your stone body is resilient. (AC +3)
You are immune to poison.
You resist negative energy. (rN+)
You are resistant to electric shocks. (rElec)
You can survive without breathing.
You are immune to petrification.
You are immune to rotting.


Message History

You block the centaur's attack.
You hit the centaur.
The centaur is severely wounded.
The centaur hits you.
* * * LOW HITPOINT WARNING * * *
The centaur barely misses you.
You hit the centaur but do no damage.
The centaur is severely wounded.
The centaur hits you but does no damage. x2
You hit the centaur.
The centaur is almost dead.
You block the centaur's attack. The centaur closely misses you.
You hit the centaur but do no damage.
The centaur is almost dead.
The centaur hits you but does no damage. x2
You hit the centaur but do no damage.
The centaur is almost dead.
The centaur hits you but does no damage.
The centaur hits you.
You die...

.# .# #.# ..## ### ....
.... #### ...(#
##################§....#
.............§§§@c§....
##################§....
...


c You could see a centaur.

Vanquished Creatures
  An adder (D:2)
  An adder skeleton (D:4)
  A worm (D:2)
  A bat (D:3)
  2 goblins
  2 hobgoblins (D:1)
  5 jackals
  2 kobolds
  2 frilled lizards (D:2)
  3 rats (D:1)
20 creatures vanquished.

Notes
Turn   | Place    | Note
-------+----------+-------------------------------------------
     0 | D:1      | ipx the Gargoyle Arcane Marksman began the quest for the
                  | Orb.
     0 | D:1      | Reached XP level 1. HP: 12/12 MP: 2/2
   109 | D:1      | You fall into a shaft and drop 1 floor!
   169 | D:1      | Reached XP level 2. HP: 7/16 MP: 3/3
   422 | D:1      | Reached skill level 1 in Maces & Flails
   545 | D:2      | Reached skill level 1 in Shields
   545 | D:2      | Reached skill level 3 in Hexes
   545 | D:2      | Reached XP level 3. HP: 15/20 MP: 2/4
   566 | D:2      | Found a radiant altar of Vehumet.
   566 | D:2      | Found a shattered altar of Ashenzari.
   567 | D:2      | Found a sacrificial altar of Ru.
   693 | D:4      | Noticed an ogre
   853 | D:5      | Entered Level 5 of the Dungeon
   911 | D:5      | Noticed a centaur
   927 | D:5      | Slain by a centaur

Levels and vault maps discovered:
D:1:      dpeg_arrival_radiant, layout_basic, minmay_misc_feat_square,
          kennysheep_doodads, minmay_hedge_maze, minmay_misc_feat_tiny,
          minmay_misc_feat_more_columns
D:2:      layout_basic, gammafunk_temple_overflow_claw,
          chequers_ecumenical_altar_twisty, minmay_tromino_i4
D:3:      layout_loops_ring, first_ration, ebering_ghost_sewer_f
D:4:      layout_basic, st_stairs_10
D:5:      layout_basic, lightli_sewer_entry_pipes, chequers_arboretum,
          ashenzari_altar_1, uniq_crazy_yiuf_cottage, uniq_edmund,
          uniq_eustachio

Skill      XL: |  1  2 |
---------------+-------+-----
Throwing       | 2 |  2.0
Maces & Flails | 1 |  1.8
Shields        | 1 |  1.2
Hexes          | 3 |  3.0
Fighting       | |  1.1
Dodging        | |  1.5
Spellcasting   | |  1.0

Action                   || total
-------------------------++-------
Melee: Mace              ||    81
       Unarmed           ||     3
Throw: Javelin           ||     8
       Dart              ||     8
 Cast: Corona            ||    10
  Use: Scroll            ||     7
  Eat: Chunk             ||     1
Armor: Ring mail         ||    58
Dodge: Dodged            ||    47
Block: Kite shield       ||    10
       Buckler           ||    15

Table legend:
 A = Non-vault XP
 B = Vault XP
 C = Vault XP percentage of total XP
 D = Non-vault monster count
 E = Vault monster count
 F = Vault count percentage of total count
                 A         B        C        D         E       F
            +---------+---------+-------+---------+---------+-------
      Total |      50 |       0 |   0.0 |      20 |       0 |   0.0
            +---------+---------+-------+---------+---------+-------
        D:1 |       9 |       0 |   0.0 |       7 |       0 |   0.0
        D:2 |      28 |       0 |   0.0 |       8 |       0 |   0.0
        D:3 |       2 |       0 |   0.0 |       1 |       0 |   0.0
        D:4 |      11 |       0 |   0.0 |       4 |       0 |   0.0
            +---------+---------+-------+---------+---------+-------
